 Dungeon Crawl Stone Soup version 0.30-a0-916-g9813417 (webtiles) character file.

Game seed: 4001074018640642579

655 Think the Nimble (level 7, 0/46 HPs)
             Began as an Octopode Fighter on Mar 22, 2023.
             Succumbed to an orc wizard's poison
             ... on level 5 of the Dungeon on Mar 23, 2023.
             The game lasted 00:20:46 (3598 turns).

Think the Nimble (Octopode Fighter)                 Turns: 3598, Time: 00:20:47

Health: 0/46       AC:  5    Str: 15    XL:     7   Next: 54%
Magic:  7/7        EV: 16    Int: 11    God:
Gold:   176        SH:  4    Dex: 13    Spells: 3/6 levels left

rFire   . . .      SeeInvis .    o - +1 dagger (vamp)
rCold   . . .      Faith    .    b - +0 buckler
rNeg    . . .      Spirit   .    (helmet restricted)
rPois   .          Reflect  .    (no amulet)
rElec   .          Rampage  .    j - +4 ring of protection
rCorr   .                        (no ring)
Will    .....                    (no ring)
Stlth   ++                       (no ring)
HPRegen 0.27/turn                (no ring)
MPRegen 0.10/turn                (no ring)
                                 (no ring)
                                 (no ring)

@: mighty, lethally poisoned (0 -> -14)
A: almost no armour, amphibious, 8 rings, camouflage 1, gelatinous body 1,
(nimble swimmer 1), tentacles
a: no special abilities


You were on level 5 of the Dungeon.
You visited 1 branch of the dungeon, and saw 5 of its levels.

You collected 176 gold pieces.

Inventory:

Hand Weapons
 a - a +0 long sword
 d - a +4 dagger of flaming
 o - a +1 vampiric dagger (weapon)
Armour
 b - a +0 buckler (worn)
Jewellery
 j - a +4 ring of protection (left tentacle)
Scrolls
 e - a scroll of enchant armour {unknown}
 f - a scroll of teleportation
 h - a scroll of fear {unknown}
 k - a scroll of fog
 n - a scroll of immolation
Potions
 i - a potion of flight


   Skills:
 - Level 3.0 Fighting
 + Level 2.8(3.1) Short Blades
 - Level 2.0(2.7) Long Blades
 - Level 8.0 Dodging
 - Level 3.0 Shields


You had 3 spell levels left.
You knew the following spells:

 Your Spells              Type           Power      Damage    Failure   Level
a - Vhi's Electric Charg  Tloc/Air       0%         N/A       80%         3

Your spell library contained the following spells:

 Spells                   Type           Power      Damage    Failure   Level
 Arcjolt                  Conj/Air       0%         1d10      100%        5
 Maxwell's Capacitive Co  Air            0%         ∞         100%        8


Dungeon Overview and Level Annotations

Branches:
Dungeon (5/15)             Temple (0/1) D:5

Altars:
Gozag
Hepliaklqana
Wu Jian

Shops:
D:1 =   D:5 (*[


Innate Abilities, Weirdness & Mutations

You cannot wear most types of armour.
You are amphibious.
You can wear up to eight rings at the same time.
Your skin changes colour to match your surroundings (Stealth+).
Your rubbery body absorbs attacks. (AC +1, EV +1)
((You are camouflaged when in or above water. (Stealth+)))
You have tentacles for arms and can constrict up to eight enemies at once.


Message History

You feel very mighty all of a sudden. Something hits you.
You are poisoned.
The orc throws a stone.
You block the stone.
You miss something.
You feel sick. Something hits you but does no damage.
The orc throws a stone.
You barely miss something. Your squeeze misses something.
You feel sick. Something hits you.
You are more poisoned.
You closely miss something.
You feel very sick. Something hits you but does no damage.
You are more poisoned.
The orc throws a stone.
The stone barely misses you.
As you read the scroll of teleportation, it crumbles to dust.
You feel strangely unstable.
* * * LOW HITPOINT WARNING * * *
You feel very sick.
An orc wizard appears from thin air!
Reactivating autopickup.
You block the orc wizard's attack.
The orc wizard attacks as you move away!
The orc wizard closely misses you.
* * * LOW HITPOINT WARNING * * *
You feel very sick.
* * * LOW HITPOINT WARNING * * *
You feel very sick.
* * * LOW HITPOINT WARNING * * *
You feel sick.
The orc wizard attacks as you move away!
The orc wizard hits you but does no damage.
You are lethally poisoned!
Your surroundings suddenly seem different.
* * * LOW HITPOINT WARNING * * *
You feel very sick.
Okay, then.
As you read the scroll labelled USCHIGEXAID, it crumbles to dust.
You feel aware of your surroundings.
You sensed 2 shops/portals.
It was a scroll of magic mapping.
You die...

##################
#.................
#.................
#.......>.........
#.................
#.................
#@................
#.................
##...#########....
##...####...######
#...........#.....
#.....†.....#.....
#........)..#.....
#.....8.....##....
#....)......##....


There were no monsters in sight!

Vanquished Creatures
  5 scorpions
  A hound (D:5)
  An orc priest (D:5)
  An iguana (D:5)
  2 orc wizards
  Robin (D:3)
  7 adders
  2 gnolls (D:1)
  An ufetubus (D:5)
  A worm (D:4)
  A dart slug (D:3)
  19 orcs
  4 endoplasms
  3 giant cockroaches
  12 goblins
  6 hobgoblins
  6 jackals
  4 quokkas
  8 ball pythons
  6 bats
  7 frilled lizards
  6 kobolds
  8 rats
112 creatures vanquished.

Vanquished Creatures (others)
  A demonspawn (D:1)
  A draconian (D:1)
  An octopode (D:1)
  A vine stalker (D:1)
  2 trolls (D:1)
  A formicid (D:1)
  A spriggan (D:1)
  A demigod (D:1)
  A dwarf (D:1)
  An ogre (D:1)
  A tengu (D:1)
  A felid (D:1)
  A gnoll (D:1)
  An orc (D:1)
  A goblin (D:3)
  7 tentacles (D:1)
23 creatures vanquished.

Grand Total: 135 creatures vanquished

Notes
Turn   | Place    | Note
-------+----------+-------------------------------------------
     0 | D:1      | Think the Octopode Fighter began the quest for the Orb.
     0 | D:1      | Reached XP level 1. HP: 16/16 MP: 1/1
     2 | D:1      | Noticed a felid
     2 | D:1      | Noticed a tengu
     2 | D:1      | Noticed a demigod
     2 | D:1      | Noticed a formicid
     2 | D:1      | Noticed a spriggan
     2 | D:1      | Noticed a troll
     2 | D:1      | Noticed an octopode
     2 | D:1      | Noticed a vine stalker
     2 | D:1      | Noticed a kraken
     2 | D:1      | Noticed a demonspawn
     2 | D:1      | Noticed a draconian
     2 | D:1      | Noticed a dwarf
     2 | D:1      | Noticed a troll
     2 | D:1      | Noticed an ogre
     2 | D:1      | Killed a troll
     4 | D:1      | Killed a vine stalker
     7 | D:1      | Killed a formicid
     8 | D:1      | Killed a tengu
    10 | D:1      | Killed a felid
    10 | D:1      | Killed a spriggan
    11 | D:1      | Killed an octopode
    12 | D:1      | Killed a demigod
    16 | D:1      | Killed a draconian
    16 | D:1      | Killed a demonspawn
    17 | D:1      | Killed an ogre
    19 | D:1      | Killed a troll
    19 | D:1      | Killed a dwarf
    38 | D:1      | Found Jyneob's Jewellery Boutique.
   114 | D:1      | Reached XP level 2. HP: 16/21 MP: 2/2
   270 | D:1      | Reached skill level 4 in Dodging
   390 | D:1      | Reached XP level 3. HP: 25/26 MP: 3/3
   769 | D:2      | Reached XP level 4. HP: 31/31 MP: 4/4
   985 | D:2      | Learned a level 3 spell: Vhi's Electric Charge
  1183 | D:2      | Reached skill level 5 in Dodging
  1446 | D:3      | Noticed Robin
  1458 | D:3      | Killed Robin
  1459 | D:3      | Reached XP level 5. HP: 35/36 MP: 5/5
  1949 | D:3      | Found an opulent altar of Gozag.
  1990 | D:3      | HP: 1/36 [something/puff of flame (8)]
  2287 | D:3      | Reached skill level 6 in Dodging
  2618 | D:4      | Reached XP level 6. HP: 38/42 MP: 6/6
  2884 | D:4      | Found a hazy altar of Hepliaklqana.
  2895 | D:4      | Reached skill level 7 in Dodging
  2993 | D:4      | Found an ornate altar of the Wu Jian Council.
  3042 | D:4      | Identified a scroll of acquirement
  3043 | D:4      | Acquired a +4 ring of protection
  3345 | D:5      | Entered Level 5 of the Dungeon
  3345 | D:5      | Found Learem's Armour Shop.
  3364 | D:5      | Found Nucvemec's General Store.
  3430 | D:5      | Found Buuco's Antique Weapon Shop.
  3436 | D:5      | Reached XP level 7. HP: 35/46 MP: 7/7
  3453 | D:5      | Reached skill level 8 in Dodging
  3481 | D:5      | Reached skill level 1 in Short Blades
  3598 | D:5      | Succumbed to an orc wizard's poison

Illustrated notes

Levels and vault maps discovered:
D:1:      nicolae_arrival_kraken_aquarium_b, layout_basic, serial_shops,
          nicolae_shop_window_shopping
D:2:      layout_basic, minmay_bisected
D:3:      layout_basic, grunt_gozag_statues, uniq_robin
D:4:      layout_cave_pools, mainiacjoe_overflow_small_starburst,
          nzn_wu_jian_contemplation
D:5:      layout_gridville, minmay_temple_entry_grid, serial_shops,
          nicolae_stop_n_shop_1, nicolae_diamond_shop,
          nicolae_shop_hallway_plus, nicolae_square_shop, shop,
          dreamdust_wishing_well

Skill      XL: |  1  2  3  4  5  6  7 |
---------------+----------------------+-----
Dodging        | 4 5 6 7 8 |  8.0
Short Blades   | 2 |  2.8
Fighting       | |  3.0
Long Blades    | |  2.0
Shields        | |  3.0

Action                     |  1- 3 |  4- 6 |  7- 9 || total
---------------------------+-------+-------+-------++-------
  Melee: Long sword        |    15 |       |       ||    15
         Constrict         |    14 |    29 |    10 ||    53
         Tentacles         |     9 |    28 |    18 ||    55
         Dagger            |    29 |   135 |    59 ||   223
         Punch             |       |     2 |     1 ||     3
    Use: Potion            |       |     3 |     5 ||     8
         Scroll            |       |     5 |     2 ||     7
   Stab: Sleeping          |     5 |    11 |       ||    16
         Distracted        |       |       |     1 ||     1
 Armour: Skin              |     1 |    14 |    19 ||    34
  Dodge: Dodged            |    20 |    78 |    45 ||   143
  Block: Buckler           |    11 |    27 |    17 ||    55

Table legend: (Time is in decaauts)
 A = Elapsed time spent in this place.
 B = Non-inter-level travel time spent in this place.
 C = Inter-level travel time spent in this place.
 D = Time resting spent in this place.
 E = Time spent auto-exploring this place.
 F = Levels seen in this place.
 G = Mean time per level.
                   A        B        C        D        E       F      G
               +--------+--------+--------+--------+--------+-----+--------+
         Total |   3594 |   3505 |     89 |    309 |   2442 |   5 |  718.8 |
       Dungeon |   3594 |   3505 |     89 |    309 |   2442 |   5 |  718.8 |
               +--------+--------+--------+--------+--------+-----+--------+

Top non-repeatable levels by time:
     D:3: 1199 daAuts
     D:1: 749 daAuts
     D:4: 745 daAuts
     D:2: 651 daAuts
     D:5: 248 daAuts
